 Dungeon Crawl Stone Soup version 0.24-a0-160-gfa3a8d6 (webtiles) character file.

Game seed: 0

8978 emperorscorpion the Archer (level 10, -7/88 HPs)
             Began as a Demigod Wanderer on Mar 5, 2019.
             Killed from afar by a gargoyle (23 damage)
             ... with a stone arrow
             ... on level 10 of the Dungeon.
             The game lasted 00:24:39 (13355 turns).

emperorscorpion the Archer (Demigod Wanderer)      Turns: 13355, Time: 00:24:40

Health: -7/88      AC: 13    Str:  7    XL:     10   Next: 96%
Magic:  15/15      EV:  9    Int: 24    God:
Gold:   343        SH:  0    Dex: 20    Spells: 9/9 levels left

rFire    . . .     SeeInvis .   a - +2 spear (venom)
rCold    . . .     Gourm    .   (no shield)
rNeg     . . .     Faith    .   C - +2 scale mail "Vuischie" {+Inv Str-5 Int+4 Slay+3}
rPois    +         Spirit   .   H - +0 helmet
rElec    .         Reflect  .   O - +0 cloak {MR+}
rCorr    +         Harm     .   (no gloves)
MR       ++...                  E - +0 pair of boots
Stlth    +.........             m - amulet of magic regeneration
HPRegen  0.24/turn              y - ring of poison resistance
MPRegen  0.39/turn              n - ring of resist corrosion

@: marked, very slightly contaminated, invisible
A: high mp 1
a: no special abilities


You were on level 10 of the Dungeon.
You were not hungry.

You visited 1 branch of the dungeon, and saw 10 of its levels.

You collected 598 gold pieces.
You spent 255 gold pieces at shops.

Inventory:

Hand Weapons
 a - a +2 spear of venom (weapon)
 b - a +2 shortbow
 c - a +0 hand axe
 I - a +2 dagger
Missiles
 e - 283 arrows
 A - 5 curare-tipped needles
Armour
 f - a +0 robe
 j - a +0 buckler
 q - the +1 robe "Cuass" {rCorr Int+4, unknown}
   (You found it on level 5 of the Dungeon)

   It affects your intelligence (+4).
   It provides partial protection from all sources of acid and corrosion.
 r - a +0 ring mail
 B - a cursed +0 robe
 C - the +2 scale mail "Vuischie" (worn) {+Inv Str-5 Int+4 Slay+3}
   (You found it on level 4 of the Dungeon)

   It affects your strength (-5).
   It affects your intelligence (+4).
   It affects your accuracy and damage with ranged weapons and melee attacks
   (+3).
   It lets you turn invisible.
 E - a +0 pair of boots (worn)
 H - a +0 helmet (worn)
 O - a +0 cloak of magic resistance (worn)
Jewellery
 m - an amulet of magic regeneration (around neck)
 n - a ring of resist corrosion (right hand)
 y - a ring of poison resistance (left hand)
 D - a +6 ring of protection {unknown}
Wands
 N - a wand of polymorph (3)
 P - a wand of disintegration (14)
Scrolls
 d - a scroll of blinking
 k - 4 scrolls of enchant armour
 o - 6 scrolls of remove curse
 s - a scroll of noise {unknown}
 v - a scroll of immolation
 x - 3 scrolls of teleportation
 G - 4 scrolls of identify
 M - a scroll of torment {unknown}
Potions
 i - 2 potions of flight
 l - a potion of ambrosia
 p - a potion of lignification
 t - a potion of brilliance
 w - a potion of invisibility
 z - 3 potions of curing
 F - a potion of might {unknown}
 J - a potion of cancellation {unknown}
 K - a potion of haste {unknown}
 L - a potion of magic {unknown}
Comestibles
 g - 18 rations


   Skills:
 + Level 8.0 Fighting
 - Level 2.0 Short Blades
 - Level 3.0 Polearms
 + Level 11.0 Bows
 + Level 6.6 Armour
 + Level 3.3 Dodging
 - Level 2.8 Stealth
 * Level 3.2 Evocations


You had 9 spell levels left.
You didn't know any spells.
Your spell library contained the following spells:

 Spells                   Type           Power        Failure   Level  Hunger
 Animate Skeleton         Necr           N/A          78%         1    ##.....
 Apportation              Tloc           #.....       78%         1    ##.....
 Confusing Touch          Hex            #.....       78%         1    ##.....
 Corona                   Hex            #......      78%         1    ##.....
 Summon Small Mammal      Summ           #...         78%         1    ##.....
 Slow                     Hex            #.......     89%         2    ###....
 Inner Flame              Hex/Fire       #.......     98%         3    ####...
 Portal Projectile        Hex/Tloc       #.....       98%         3    ####...
 Cause Fear               Hex            #.........   100%        4    #####..
 Leda's Liquefaction      Hex/Erth       #.........   100%        4    #####..
 Throw Icicle             Conj/Ice       #.......     100%        4    #####..
 Metabolic Englaciation   Hex/Ice        #.........   100%        5    ######.
 Summon Forest            Summ/Tloc      #.........   100%        5    ######.
 Shadow Creatures         Summ           N/A          100%        6    #######


Dungeon Overview and Level Annotations

Branches:
Dungeon (10/15)            Temple (0/1) D:6            Lair (0/6) D:8
    Orc: D:9-12

Shops:
D:8 [


Innate Abilities, Weirdness & Mutations

You have an increased reservoir of magic. (+10% MP)


Message History

The stone arrow misses you.
Your scale mail "Vuischie" prevents you from hitting the gargoyle.
The gargoyle is heavily damaged.
The gargoyle hits you with a +0 flail!
* * * LOW HITPOINT WARNING * * *
You hit the gargoyle but do no damage.
The gargoyle is heavily damaged.
You puncture the gargoyle!
The gargoyle is severely damaged.
The gargoyle hurls a stone arrow at you.
The stone arrow hits you.
* * * LOW HITPOINT WARNING * * *
You hit the gargoyle but do no damage.
The gargoyle is severely damaged.
The gargoyle barely misses you.
You barely miss the gargoyle.
The gargoyle is severely damaged.
The gargoyle hurls a stone arrow at you.
The stone arrow hits you!!
You die...

#..# #.# #.#.# ####
##..######.#####.#.#
#.......##.........#
#....###.##.##.........#
#.#.# ##.# #(#####.###
..# ##..##(#
#.########## #.. ..##(#
#........... ## ..##9#
#..########. .# #.##@#
#..# #.. ##. (##.# #..#
##.. ... .##.# #... #...
#.% ######.# .... #...
###.##.(....# ......
#.#. #......######
...... ..### .....#..#
...# # #... #..# .... #.
#>.# ..# .


You could see a gargoyle.

Vanquished Creatures
  Harold (D:10)
  2 two-headed ogres (D:8)
  Prince Ribbit (D:5)
  2 hippogriffs
  A wraith (D:10)
  6 yaks
  A hungry ghost (D:7)
  A basilisk (D:8)
  4 porcupines
  2 orc warriors (D:7)
  An ice beast (D:5)
  5 sky beasts
  2 black bears (D:10)
  A necrophage (D:9)
  An ogre (D:8)
  A phantom (D:8)
  An eye of draining (D:9)
  6 centaurs
  A crocodile (D:8)
  A big kobold (D:9)
  4 bullfrogs
  A wyvern skeleton (D:10)
  3 scorpions
  14 wights
  5 crimson imps
  2 centaur zombies
  5 jellies
  3 bullfrog zombies
  6 orc priests
  9 hounds
  A gnoll shaman (D:4)
  2 bullfrog skeletons (D:4)
  9 orc wizards
  2 iguanas
  7 worker ants
  A hound skeleton (D:5)
  A howler monkey zombie (D:9)
  A worker ant zombie (D:8)
  15 adders
  2 shadow imps
  An ooze (D:2)
  3 adder skeletons
  6 worms
  A dart slug (D:4)
  6 leopard geckos
  50 orcs
  4 giant cockroaches
  10 goblins
  7 hobgoblins
  19 jackals
  11 kobolds
  5 quokkas
  11 bats
  5 frilled lizards
  11 rats
284 creatures vanquished.

Vanquished Creatures (others)
  2 fungi (D:8)
  11 plants (D:8)
  A withered plant (D:6)
14 creatures vanquished.

Grand Total: 298 creatures vanquished

Notes
Turn   | Place    | Note
-------+----------+-------------------------------------------
     0 | D:1      | emperorscorpion the Demigod Wanderer began the quest for
                  | the Orb.
     0 | D:1      | emperorscorpion set off with the following items: a +2
                  | dagger, a scroll of blinking, a +0 hand axe, a +0 shortbow,
                  | 26 arrows, a +0 robe, a ration
     0 | D:1      | Reached XP level 1. HP: 19/19 MP: 3/3
   446 | D:1      | Reached XP level 2. HP: 21/27 MP: 4/4
  1093 | D:2      | Reached XP level 3. HP: 33/33 MP: 5/5
  1095 | D:2      | Reached skill level 2 in Bows
  1184 | D:2      | You fall through a shaft for 2 floors!
  1546 | D:2      | Reached XP level 4. HP: 31/40 MP: 6/6
  1692 | D:2      | Reached skill level 3 in Bows
  2517 | D:3      | Found a burning altar of Makhleb.
  2787 | D:3      | Reached XP level 5. HP: 46/46 MP: 7/7
  2933 | D:3      | Found a shimmering altar of Xom.
  3012 | D:3      | Reached skill level 1 in Dodging
  3381 | D:4      | Reached skill level 4 in Bows
  3439 | D:4      | Got an ancient scale mail
  3455 | D:4      | Identified the +2 scale mail "Vuischie" {+Inv Str-5 Int+4
                  | Slay+3} (You found it on level 4 of the Dungeon)
  3924 | D:4      | Reached XP level 6. HP: 47/53 MP: 8/8
  4330 | D:5      | Entered Level 5 of the Dungeon
  4404 | D:5      | Reached skill level 5 in Bows
  4646 | D:5      | Got a bloodstained robe
  4701 | D:5      | Reached XP level 7. HP: 54/60 MP: 9/9
  5080 | D:5      | Reached skill level 5 in Fighting
  5256 | D:5      | Reached skill level 6 in Bows
  5376 | D:6      | Noticed Prince Ribbit
  5410 | D:5      | Killed Prince Ribbit
  5561 | D:6      | Reached XP level 8. HP: 29/68 MP: 10/10
  5765 | D:6      | Reached skill level 7 in Bows
  5926 | D:6      | Found a basalt altar of Yredelemnul.
  6067 | D:6      | Found an iron altar of Okawaru.
  6093 | D:6      | Found a hide-covered altar of Uskayaw.
  6096 | D:6      | Noticed a +0 dagger
  6097 | D:6      | Noticed a +0 hand axe
  6333 | D:6      | Found a staircase to the Ecumenical Temple.
  6822 | D:7      | Reached skill level 1 in Polearms
  6822 | D:7      | Reached skill level 8 in Bows
  7466 | D:7      | Reached XP level 9. HP: 69/75 MP: 11/11
  7733 | D:7      | Upgraded the game from 0.24-a0-140-gcaa6c10 to
                  | 0.24-a0-160-gfa3a8d6
  8558 | D:8      | Reached skill level 9 in Bows
  8558 | D:8      | Reached skill level 5 in Armour
  9414 | D:8      | Noticed a two-headed ogre
  9963 | D:8      | Found a staircase to the Lair.
 10099 | D:8      | Found a shattered altar of Ashenzari.
 10168 | D:8      | Found an opulent altar of Gozag.
 10276 | D:8      | Reached skill level 10 in Bows
 10276 | D:8      | Reached XP level 10. HP: 82/84 MP: 13/13
 10410 | D:8      | Found Muquadop's Antique Armour Shop.
 10452 | D:8      | Bought a glowing cloak for 255 gold pieces
 10546 | D:8      | Found a snail-covered altar of Cheibriados.
 10613 | D:8      | Found a sacrificial altar of Ru.
 10924 | D:8      | Killed a two-headed ogre
 10924 | D:8      | Reached skill level 1 in Evocations
 11398 | D:9      | Noticed a two-headed ogre
 11421 | D:8      | Killed a two-headed ogre
 11664 | D:9      | Found a blossoming altar of Fedhas.
 11664 | D:9      | Found a shadowy altar of Dithmenos.
 11984 | D:9      | Identified the Disquisition on Illusion and Snow
 12469 | D:9      | Found a stormy altar of Qazlal.
 12794 | D:10     | Entered Level 10 of the Dungeon
 13297 | D:10     | Noticed Harold
 13318 | D:10     | HP: 2/88 [Harold/+0 hand axe (7)]
 13322 | D:10     | Killed Harold
 13322 | D:10     | Reached skill level 11 in Bows
 13355 | D:10     | Killed from afar by a gargoyle

Levels and vault maps discovered:
D:1:      minmay_arrival_shattered_statue, layout_basic,
          hangedman_abyss_or_decor_lesser_grid
D:2:      layout_rooms, first_ration
D:3:      layout_rooms, nicolae_overflow_crystal_walls, old_standard_altar
D:4:      cheibrodos_barr_body, layout_cave_pods
D:5:      layout_loops_cross, corner_web_ring
D:6:      layout_loops_ring, okawaru_ov_weapons_minmay, dancing_weapons_uskayaw,
          yredelemnul_altar_generic, minmay_temple_entry_tees,
          minmay_misc_feat_cross, chequers_decorated_corner, uniq_prince_ribbit1
D:7:      layout_loops_cross
D:8:      layout_gridville, lemuel_doored_altar, grunt_gozag_breadcrumbs,
          cheibrodos_worm_habitat, marbit_many_paths, minmay_lair_entry_grove,
          serial_shops, shop
D:9:      layout_long_grid, overflow_temple_1_default, old_standard_altar,
          lemuel_round_altar
D:10:     layout_loops_ring, uniq_harold

Skill      XL: |  1  2  3  4  5  6  7  8  9 10 |
---------------+-------------------------------+-----
Fighting       | 4 5 6 8 |  8.0
Bows           | 2 3 4 5 6 8 10 11 | 11.0
Dodging        | 1 2 3 |  3.3
Armour         | 2 3 4 5 6 |  6.6
Short Blades   | 2 |  2.0
Polearms       | 2 3 |  3.0
Evocations     | 3 |  3.2
Stealth        | |  2.8

Action                   |  1- 3 |  4- 6 |  7- 9 | 10-12 || total
-------------------------+-------+-------+-------+-------++-------
Melee: Dagger            |    51 |   132 |    51 |       ||   234
       Spear             |       |       |   188 |   185 ||   373
 Fire: Shortbow          |   104 |   186 |   307 |   192 ||   789
  Use: Scroll            |       |    15 |     3 |       ||    18
       Potion            |       |       |       |     3 ||     3
 Stab: Distracted        |       |     1 |       |       ||     1
       Sleeping          |       |     1 |       |       ||     1
       Invisible         |       |       |       |     2 ||     2
  Eat: Chunk             |     2 |    10 |    21 |     9 ||    42
Armor: Robe              |    19 |       |       |       ||    19
       Ring mail         |     9 |    83 |       |       ||    92
       Scale mail        |       |    42 |   185 |    96 ||   323
Dodge: Dodged            |    70 |   144 |   130 |    96 ||   440

Table legend:
 A = Non-vault XP
 B = Vault XP
 C = Vault XP percentage of total XP
 D = Non-vault monster count
 E = Vault monster count
 F = Vault count percentage of total count
                 A         B        C        D         E       F
            +---------+---------+-------+---------+---------+-------
      Total |    9265 |    3561 |  27.8 |     262 |      22 |   7.7
            +---------+---------+-------+---------+---------+-------
        D:1 |      34 |       0 |   0.0 |      21 |       0 |   0.0
        D:2 |     128 |       0 |   0.0 |      22 |       0 |   0.0
        D:3 |      91 |       0 |   0.0 |      38 |       0 |   0.0
        D:4 |     187 |     165 |  46.9 |      11 |       6 |  35.3
        D:5 |     656 |     264 |  28.7 |      19 |       1 |   5.0
        D:6 |     947 |       0 |   0.0 |      31 |       0 |   0.0
        D:7 |    1630 |     701 |  30.1 |      36 |       4 |  10.0
        D:8 |    2934 |    1444 |  33.0 |      38 |      10 |  20.8
        D:9 |    1658 |       0 |   0.0 |      34 |       0 |   0.0
       D:10 |    1000 |     987 |  49.7 |      12 |       1 |   7.7
            +---------+---------+-------+---------+---------+-------
